 Dungeon Crawl Stone Soup version 0.23-a0-143-g1adec7b (webtiles) character file.

29 mopl the Caller (level 3, -1/24 HPs)
             Began as a Mummy Summoner on Sept 4, 2018.
             Slain by a quokka (4 damage)
             ... on level 2 of the Dungeon.
             The game lasted 00:01:55 (1440 turns).

mopl the Caller (Mummy Summoner)                    Turns: 1440, Time: 00:01:56

Health: -1/24      AC:  3    Str: 11    XL:     3   Next: 1%
Magic:  4/7        EV: 12    Int: 15    God:
Gold:   55         SH:  0    Dex: 12    Spells: 2/8 levels left

rFire    x . .     SeeInvis .   (no weapon)
rCold    + . .     Gourm    .   (no shield)
rNeg     + + +     Faith    +   a - +0 robe
rPois    ∞         Spirit   .   k - +0 helmet
rElec    .         Reflect  .   (no cloak)
rCorr    .         Harm     .   (no gloves)
MR       .....                  (no boots)
Stlth    ++........             f - amulet of faith {!P}
HPRegen  0.08/turn              h - ring of flight
MPRegen  0.10/turn              (no ring)

@: no status effects
A: no food or potions, fire vulnerability, cold resistance 1, negative energy
resistance 3, torment resistance, unbreathing
a: Evoke Flight


You were on level 2 of the Dungeon.
You were not hungry.

You visited 1 branch of the dungeon, and saw 2 of its levels.

You collected 55 gold pieces.

Inventory:

Missiles
 j - 16 poisoned needles
Armour
 a - a +0 robe (worn)
 d - a +3 leather armour
 k - a +0 helmet (worn)
Jewellery
 f - an amulet of faith (around neck) {!P}
 h - a ring of flight (left hand)
Scrolls
 b - 2 scrolls of identify {unknown}
 c - a scroll of fear {unknown}
 e - 2 scrolls of teleportation {unknown}
 g - a scroll of enchant armour {unknown}
 i - a scroll of fog {unknown}


   Skills:
 - Level 1.5 Dodging
 - Level 1.5 Stealth
 + Level 3.3 Spellcasting
 * Level 3.9 Summonings


You had 2 spell levels left.
You knew the following spells:

 Your Spells              Type           Power        Failure   Level  Hunger
a - Summon Small Mammal   Summ           ##..         4%          1    N/A
b - Call Imp              Summ           ##......     6%          2    N/A
c - Call Canine Familiar  Summ           ##......     12%         3    N/A

Your spell library contained the following spells:

 Spells                   Type           Power        Failure   Level  Hunger
 Summon Guardian Golem    Hex/Summ       #.......     26%         3    N/A
 Summon Ice Beast         Ice/Summ       #.......     65%         4    N/A
 Summon Lightning Spire   Summ/Air       #.......     65%         4    N/A

Dungeon Overview and Level Annotations

Branches:
Dungeon (2/15)

Altars:


Innate Abilities, Weirdness & Mutations

You do not eat or drink.
Your flesh is vulnerable to fire.
You are immune to poison.
Your flesh is cold resistant. (rC+)
You are immune to negative energy. (rN+++)
You are immune to unholy pain and torment.
You can survive without breathing.


Message History

You barely miss the quokka.
The quokka is almost dead.
The quokka bites you.
You barely miss the quokka.
The quokka is almost dead.
The quokka closely misses you. The quokka bites you.
* * * LOW HITPOINT WARNING * * *
You barely miss the quokka.
The quokka is almost dead.
The quokka bites you.
* * * LOW HITPOINT WARNING * * *
Casting: Call Imp (safe; 6% risk of failure)
Confirm with . or Enter, or press ? or * to list all spells.
You don't know that spell.
Unknown command.
Unknown command.
Casting: Call Imp (safe; 6% risk of failure)
Confirm with . or Enter, or press ? or * to list all spells.
The quokka bites you.
You die...

#..##.##.##.# #...#
#..##.##.##.# #...#
#.<##.##.....
#...####..##.##.##.#
#...#.........†.##.#
#####...#.##.##..#####.#
.............##..#####.#
.....................#..
......r@......#..#.#.###
#####?..#h###.#..#.#
#...#..?.......#
#...#####.#.##.# #...#
#.#># .# #...# #.... ..
#.... ######.#. #..##


You could see a quokka and a friendly hound.

Vanquished Creatures
  2 dart slugs (D:1)
  2 bats
  A giant cockroach (D:1)
  A goblin (D:2)
  2 hobgoblins (D:1)
  A frilled lizard (D:1)
  A rat (D:1)
10 creatures vanquished.

Vanquished Creatures (collateral kills)
  An adder (D:2)
  A worm (D:2)
  3 dart slugs
  A goblin (D:2)
  A frilled lizard (D:1)
  A rat (D:1)
8 creatures vanquished.

Grand Total: 18 creatures vanquished

Notes
Turn   | Place    | Note
-------+----------+-------------------------------------------
     0 | D:1      | mopl the Mummy Summoner began the quest for the Orb.
     0 | D:1      | Reached XP level 1. HP: 13/13 MP: 4/4
   346 | D:1      | Reached skill level 3 in Spellcasting
   356 | D:1      | Reached XP level 2. HP: 16/19 MP: 4/6
   369 | D:1      | Learned a level 2 spell: Call Imp
  1407 | D:2      | Reached XP level 3. HP: 20/24 MP: 7/7
  1412 | D:2      | Learned a level 3 spell: Call Canine Familiar
  1440 | D:2      | Slain by a quokka

Vault maps used:
D:1:      minmay_arrival_doors
D:2:      first_ration, uniq_crazy_yiuf_cottage, uniq_natasha

Skill      XL: |  1 |
---------------+----+-----
Spellcasting   | 3 |  3.3
Dodging        | |  1.5
Stealth        | |  1.5
Summonings     | |  3.9

Action                   || total
-------------------------++-------
Melee: Unarmed           ||   101
 Cast: Summon Small Mamm ||    13
       Call Imp          ||     3
       Call Canine Famil ||     1
 Stab: Distracted        ||     1
Armor: Leather armour    ||    10
       Robe              ||    11
Dodge: Dodged            ||    65

Table legend:
 A = Non-vault XP
 B = Vault XP
 C = Vault XP percentage of total XP
 D = Non-vault monster count
 E = Vault monster count
 F = Vault count percentage of total count
                 A         B        C        D         E       F
            +---------+---------+-------+---------+---------+-------
      Total |      42 |       0 |   0.0 |      18 |       0 |   0.0
            +---------+---------+-------+---------+---------+-------
        D:1 |      25 |       0 |   0.0 |      12 |       0 |   0.0
        D:2 |      17 |       0 |   0.0 |       6 |       0 |   0.0
            +---------+---------+-------+---------+---------+-------
